 Dungeon Crawl Stone Soup version 0.17.1-1-g73c8601 (webtiles) character file.

109 Econoterrorist the Slasher (level 4, -2/39 HPs)
             Began as a Minotaur Fighter on Mar 14, 2016.
             Killed by nerve-wracking pain
             ... invoked by an orc priest
              (13 damage)
             ... on level 3 of the Dungeon.
             The game lasted 00:02:36 (1414 turns).

Econoterrorist the Slasher (Minotaur Fighter)       Turns: 1414, Time: 00:02:36

Health: -2/39      AC:  6    Str: 20    XL:     4   Next: 60%
Magic:  3/3        EV:  7    Int:  6    God:
Gold:   58         SH:  9    Dex: 10    Spells: 0 memorised, 3 levels left

rFire  . . .     SeeInvis .     a - +0 long sword
rCold  . . .     Clarity  .     b - +0 scale mail
rNeg   . . .     SustAt   .     c - +0 shield
rPois  .         Gourm    .     (helmet restricted)
rElec  .         Spirit   .     (no cloak)
rCorr  .         Warding  .     (no gloves)
rMut   .         Stasis   .     (no boots)
MR     .....                    (no amulet)
Stlth  ..........               (no ring)
                                (no ring)

@: not resistant to hostile enchantments, extremely unstealthy
A: retaliatory headbutt, horns 2
a: no special abilities


You were on level 3 of the Dungeon.
You were not hungry.

You visited 1 branch of the dungeon, and saw 3 of its levels.

You collected 58 gold pieces.

Inventory:

Hand Weapons
 a - a +0 long sword (weapon)
Armour
 b - a +0 scale mail (worn)
 c - a +0 shield (worn)
Scrolls
 f - 2 scrolls of magic mapping {unknown}
 g - a scroll of recharging {unknown}
 h - a scroll of identify {unknown}
 i - a scroll of immolation {unknown}
 k - 2 scrolls of teleportation {unknown}
 m - a scroll of random uselessness {unknown}
 r - a scroll of remove curse {unknown}
 u - a scroll of enchant armour {unknown}
Potions
 d - 2 potions of might
 l - a potion of degeneration {unknown}
 n - a potion of resistance {unknown}
 p - a potion of magic {unknown}
 q - a potion of agility {unknown}
Comestibles
 e - 2 bread rations
 j - 4 fruits
 o - a meat ration
 s - a beef jerky
 t - a royal jelly


   Skills:
 - Level 3.6 Fighting
 + Level 5.9 Long Blades
 - Level 3.6 Armour
 - Level 3.6 Shields


You had 3 spell levels left.
You didn't know any spells.

Dungeon Overview and Level Annotations

Branches:
Dungeon (3/15)

Altars:
Yredelemnul


Innate Abilities, Weirdness & Mutations

You reflexively headbutt those who attack you in melee.
You have a pair of horns on your head.


Message History

You hit the orc priest.
The orc priest is lightly wounded.
You block the orc priest's attack.
You barely miss the orc priest. You headbutt the orc priest.
The orc priest is moderately wounded.
The orc priest mumbles some strange prayers to Beogh against you.
Something smites you! The orc priest hits you.
You closely miss the orc priest.
The orc priest is moderately wounded.
The orc priest mumbles some strange prayers to Beogh against you.
Something smites you!
* * * LOW HITPOINT WARNING * * *
You closely miss the orc priest.
The orc priest is moderately wounded.
The orc priest barely misses you.
You barely miss the orc priest.
The orc priest is moderately wounded.
The orc priest calls down the wrath of Beogh upon you.
Pain shoots through your body!
You die...

......>...#... #.# #.#
.#.#.#.##.#.####### #.# #.#
.....#.#.....<..... #.# #.#
##.# #.#......#### #.# #.#
... #.#..#........ #.# #.#
.# #.##.#################.#
#.# .
#.#....................# #.#
#.########################.#
#..o@...............#
#.###################


You could see an orc priest.

Vanquished Creatures
  An orc wizard (D:3)
  An adder (D:2)
  2 oozes (D:2)
  3 worms (D:2)
  2 giant geckos
  2 orcs (D:3)
  4 bats (D:2)
  A giant cockroach (D:1)
  4 goblins
  6 hobgoblins
  7 jackals
  2 quokkas (D:2)
  9 kobolds
  7 rats
51 creatures vanquished.

Notes
Turn   | Place    | Note
--------------------------------------------------------------
     0 | D:1      | Econoterrorist the Minotaur Fighter began the quest for the Orb.
     0 | D:1      | Reached XP level 1. HP: 19/19 MP: 0/0
   190 | D:1      | Reached XP level 2. HP: 23/26 MP: 1/1
   496 | D:1      | Reached skill level 4 in Long Blades
   654 | D:2      | Reached XP level 3. HP: 31/31 MP: 2/2
  1055 | D:2      | Reached skill level 5 in Long Blades
  1116 | D:2      | Reached XP level 4. HP: 37/39 MP: 3/3
  1354 | D:3      | Found a basalt altar of Yredelemnul.
  1414 | D:3      | Killed from afar by an orc priest

Action                   |  1- 3 |  4- 6 || total
-------------------------+-------+-------++-------
Melee: Long sword        |    86 |    26 ||   112
  Eat: Chunk             |     1 |     1 ||     2
